 Dungeon Crawl Stone Soup version 0.23-a0-487-gc6253629db (webtiles) character file.

93213 Napalmbreeze the Eclecticist (level 15, -3/92 HPs)
             Began as a Deep Elf Fire Elementalist on Dec 1, 2018.
             Was a High Priest of Vehumet.
             Slain by a merfolk impaler
             ... wielding a +0 trident of venom
              (20 damage)
             ... on level 1 of the Shoals.
             The game lasted 01:45:23 (28394 turns).

Napalmbreeze the Eclecticist (DEFE)                Turns: 28394, Time: 01:45:23

Health: -3/92      AC:  8    Str:  5    XL:     15   Next: 60%
Magic:  6/38       EV: 21    Int: 33    God:    Vehumet [*****.]
Gold:   1676       SH:  0    Dex: 18    Spells: 3/48 levels left

rFire    + . .     SeeInvis +   N - staff of conjuration
rCold    . . .     Gourm    .   (no shield)
rNeg     . . .     Faith    .   v - +2 robe {rF+}
rPois    +         Spirit   .   n - +2 hat {SInv}
rElec    .         Reflect  .   M - scarf {cloud immunity}
rCorr    .         Harm     .   z - +0 pair of gloves
MR       ++...                  K - +0 pair of boots
Stlth    ++........             t - amulet "Jemaz" {+Rage rPois Dex+3}
HPRegen  0.25/turn              o - ring of protection from magic
MPRegen  0.26/turn              x - +6 ring of intelligence

@: no status effects
A: no striking features
a: Renounce Religion, Evoke Berserk Rage


You were on level 1 of the Shoals.
You worshipped Vehumet.
Vehumet was extremely pleased with you.
You were very hungry.

You visited 5 branches of the dungeon, and saw 25 of its levels.

You collected 2357 gold pieces.
You spent 681 gold pieces at shops.

Inventory:

Hand Weapons
 O - a +2 dagger of venom
Missiles
 P - a throwing net (quivered)
Armour
 j - a +1 robe of cold resistance
 n - a +2 hat of see invisible (worn)
 r - a +0 robe of the Archmagi
 v - a +2 robe of fire resistance (worn)
 z - a +0 pair of gloves (worn)
 K - a +0 pair of boots (worn)
 M - a scarf of cloud immunity (worn)
Magical Staves
 N - an uncursed staff of conjuration (weapon)
Jewellery
 o - a ring of protection from magic (left hand)
 s - an uncursed ring of protection from cold
 t - the amulet "Jemaz" (around neck) {+Rage rPois Dex+3}
   (You found it on level 3 of the Dungeon)

   [amulet of rage]

   It affects your dexterity (+3).
   It protects you from poison.
   It lets you go berserk.
 w - an uncursed ring of protection from fire
 x - a +6 ring of intelligence (right hand)
 C - an uncursed ring of positive energy
 H - an uncursed ring of flight
Wands
 a - a wand of scattershot (7)
 d - a wand of flame (33)
 f - a wand of acid (14)
 u - a wand of clouds (4)
 y - a wand of polymorph (7)
 J - a wand of enslavement (9)
 W - a wand of digging (3)
Scrolls
 b - 12 scrolls of teleportation
 e - a scroll of enchant armour
 g - 3 scrolls of fear
 l - a scroll of identify
 B - 2 scrolls of silence
 E - 3 scrolls of fog
 G - a scroll of summoning
 I - 6 scrolls of remove curse
 L - 5 scrolls of magic mapping
 T - 4 scrolls of blinking
Potions
 h - a potion of flight {unknown}
 i - 2 potions of haste
 k - 2 potions of ambrosia
 m - 2 potions of resistance
 q - 3 potions of agility
 F - 4 potions of brilliance
 Q - a potion of curing
 R - a potion of invisibility {unknown}
 U - a potion of might {unknown}
 V - 2 potions of heal wounds {unknown}
Comestibles
 c - 35 rations


   Skills:
 + Level 9.7 Fighting
 + Level 11.1 Dodging
 - Level 2.4 Stealth
 + Level 17.0 Spellcasting
 - Level 14.0 Conjurations
 - Level 8.0 Summonings
 - Level 10.0 Fire Magic
 - Level 6.0 Ice Magic
 - Level 6.0 Air Magic
 - Level 8.0 Evocations


You had 3 spell levels left.
You knew the following spells:

 Your Spells              Type           Power        Failure   Level  Hunger
a - Flame Tongue          Conj/Fire      #####        0%          1    None
c - Airstrike             Air            ######....   1%          4    None
d - Conjure Flame         Conj/Fire      ########     1%          3    None
e - Fireball              Conj/Fire      ########..   1%          5    None
f - Sticky Flame          Conj/Fire      ########     1%          4    None
q - Spellforged Servitor  Conj/Summ      ########..   3%          7    ####...
r - Orb of Destruction    Conj           ########..   1%          7    ####...
s - Throw Flame           Conj/Fire      ######       0%          2    None
t - Bolt of Fire          Conj/Fire      ########..   1%          6    None
w - Freezing Cloud        Conj/Ice/Air   #######...   1%          6    None

Your spell library contained the following spells:

 Spells                   Type           Power        Failure   Level  Hunger
 Ozocubu's Refrigeration  Ice            ######....   5%          6    None
 Animate Skeleton         Necr           N/A          1%          1    None
 Apportation              Tloc           ####..       1%          1    None
 Confusing Touch          Hex            ####..       1%          1    None
 Summon Small Mammal      Summ           ####         1%          1    None
 Inner Flame              Hex/Fire       ######..     1%          3    None
 Bolt of Magma            Conj/Fire/Erth #######...   1%          5    None
 Iskenderun's Battlesphe  Conj/Chrm      #######.     1%          5    None
 Venom Bolt               Conj/Pois      #######...   1%          5    None
 Iron Shot                Conj/Erth      #######...   3%          6    None
 Leda's Liquefaction      Hex/Erth       ####......   14%         4    None
 Statue Form              Tmut/Erth      ####.....    91%         6    None
 Shatter                  Erth           ####......   100%        9    #######


Dungeon Overview and Level Annotations

Branches:
Dungeon (15/15)            Temple (1/1) D:4            Lair (6/6) D:9
 Shoals (1/4) Lair:2       Spider (0/4) Lair:4        Slime (0/5) Lair:5
    Orc (2/2) D:12            Elf (0/3) Orc:2        Vaults (0/5) D:13
 Depths (0/5) D:15

Altars:
Ashenzari
Cheibriados
Dithmenos
Elyvilon
Fedhas
Gozag
Hepliaklqana
Kikubaaqudgha
Makhleb
Nemelex Xobeh
Okawaru
Qazlal
Ru
Sif Muna
Trog
Uskayaw
Vehumet
Wu Jian
Xom
Yredelemnul
Zin
The Shining One
Beogh

Shops:
D:8 *   D:9 [   D:12 [   Orc:2 [:*(

Annotations:
D:6 3 runed doors, YoungGLord's ghost, novice GrEE
D:13 1 runed door, SpeedVeins's ghost, journeyman MiFi


Message History

Press: ? - help, v - describe, . - travel
Here: a merfolk impaler, wielding a +0 trident of venom and wearing a +0 robe The floor.
Unknown command.
Evoke which item? (* to show all) (? for menu, Esc to quit)
Aiming: Corrosive Bolt
Press: ? - help, Shift-Dir - straight line, f - merfolk impaler
Aim: a merfolk impaler, wielding a +0 trident of venom and wearing a +0 robe The bolt of acid hits the merfolk impaler.
The merfolk impaler is splashed with acid.
The acid corrodes the merfolk impaler!
The merfolk impaler is heavily wounded.
Your spellforged servitor hums quietly as it recharges.
The harpy claws you. The harpy claws you!
* * * LOW HITPOINT WARNING * * *
The merfolk impaler hits you from afar with a +0 trident of venom.
* * * LOW HITPOINT WARNING * * *
The harpy is engulfed in a cloud of scalding steam.
The merfolk impaler hits you from afar with a +0 trident of venom!!
You die...

≈≈≈≈≈≈ ≈≈≈≈≈≈≈≈≈≈≈≈≈≈
≈≈..≈≈ ≈≈≈≈≈≈≈≈≈.≈≈≈
≈..≈≈≈ ≈≈≈≈≈≈≈≈≈.§≈
≈≈≈≈≈≈ ≈≈≈≈≈≈≈≈.H.
≈≈≈≈≈≈ ≈≈≈≈≈≈≈... ≈≈
...≈≈≈ ≈≈≈≈≈≈.H.
≈≈≈≈........ ≈≈≈≈≈≈.(#
.≈≈≈....##.. ≈≈≈≈≈8.@#
##.≈≈≈...###..
≈≈≈≈≈...###..≈≈≈≈......m
≈≈≈≈..m†....≈.≈≈≈.≈.)...
≈≈≈≈≈≈≈....≈≈≈≈≈≈≈≈≈....
≈≈≈≈≈≈≈≈...8≈≈≈≈≈≈>.....
≈≈≈≈≈≈≈≈≈≈≈≈≈≈§≈≈≈><†.?≈
≈≈≈≈≈≈≈≈≈≈≈≈≈≈......≈≈≈≈
≈≈≈≈≈≈≈≈≈≈≈≈≈....≈..≈≈≈.
≈≈≈≈≈≈≈≈≈≈≈≈≈≈%≈≈§§≈≈≈≈≈


You could see a merfolk impaler, 2 harpies and a friendly spellforged servitor.

Vanquished Creatures
  Rupert (Lair:3)
  An orc warlord (Orc:2)
  A stone giant (Orc:2)
  6 hydras
  3 centaur warriors
  A catoblepas (D:15)
  6 two-headed ogres
  A death yak (Lair:5)
  4 orc high priests (Orc:2)
  Nergalle (D:11)
  Sonja (D:12)
  A fire crab (Lair:3)
  A sixfirhy (D:7)
  4 unseen horrors
  2 phantasmal warriors
  Pikel (D:4)
  2 orc knights (Orc:2)
  A harpy (Shoals:1)
  A necromancer (D:13)
  6 ugly things
  2 oklob plants (Lair:2)
  3 orc sorcerers
  2 deep elf magi (D:13)
  2 wolf spiders (Lair:4)
  A manticore (Shoals:1)
  5 cyclopes
  5 elephants (Lair:4)
  A merfolk siren (Lair:2)
  8 black mambas
  A centaur zombie (D:12)
  A molten gargoyle (Lair:6)
  3 gargoyles
  An efreet (D:13)
  A rime drake (Lair:3)
  11 spiny frogs
  5 komodo dragons
  A yaktaur (D:15)
  7 trolls
  A polar bear (Lair:5)
  9 hippogriffs
  13 blink frogs
  A dream sheep (shapeshifter) (D:13)
  4 dream sheep (Lair:4)
  2 redbacks (Lair:4)
  4 wyverns
  2 wraiths
  73 yaks
  3 basilisks
  A steam dragon (Lair:6)
  4 hungry ghosts
  4 vampire mosquitoes (D:13)
  2 wargs (Orc:2)
  Menkaure (D:6)
  Edmund (D:4)
  A soldier ant (D:12)
  2 hell hounds (Lair:6)
  11 water moccasins
  6 porcupines
  20 orc warriors
  3 sky beasts
  A black bear (D:8)
  4 ice beasts
  A phantom (D:5)
  9 ogres
  12 centaurs
  8 crocodiles
  5 big kobolds
  24 bullfrogs
  2 wyvern zombies
  6 scorpions
  3 killer bees (D:13)
  7 wights
  7 howler monkeys
  5 crimson imps
  4 lava snakes (Lair:6)
  2 bullfrog zombies
  3 centaur skeletons
  9 hounds
  8 jellies
  24 orc wizards
  14 orc priests
  Crazy Yiuf (D:4)
  3 bullfrog skeletons
  4 iguanas
  Jessica (D:2)
  Natasha (thrice) (D:4)
  11 worker ants
  2 hound skeletons
  Robin (D:2)
  3 worker ant zombies
  4 gnolls (D:4)
  11 adders
  5 shadow imps
  2 oozes (Lair:5)
  An adder skeleton (D:4)
  An adder zombie (D:8)
  6 worms
  2 dart slugs
  4 leopard geckos
  78 orcs
  5 bats
  7 giant cockroaches
  14 goblins
  10 hobgoblins
  23 jackals
  35 kobolds
  8 quokkas
  2 ball pythons
  3 frilled lizards
  2 leopard gecko skeletons
  A quokka skeleton (D:5)
  4 rats
  A bush (Lair:2)
  11 fungi
  4 plants
704 creatures vanquished.

Vanquished Creatures (collateral kills)
  Gastronok (D:12)
  Agnes (D:15)
  A dire elephant (D:15)
  A fire dragon (Lair:6)
  A hydra (Lair:6)
  An ogre mage (D:15)
  4 two-headed ogres
  A death knight (D:13)
  2 death yaks (Lair:5)
  An orc high priest (Orc:2)
  2 sea snakes (Shoals:1)
  A swamp dragon (shapeshifter) (D:14)
  A lindwurm (Lair:6)
  A wolf spider zombie (D:14)
  An orc knight (Orc:2)
  A harpy (Shoals:1)
  A wolf spider (D:15)
  A salamander (D:15)
  An ugly thing (D:15)
  A manticore (D:15)
  A merfolk siren (Shoals:1)
  A black mamba (Lair:6)
  A centaur zombie (D:14)
  2 molten gargoyles (Lair:6)
  An eye of devastation (shapeshifter) (D:15)
  2 centaur skeletons
  3 komodo dragons (Lair:6)
  A merfolk (Shoals:1)
  A snapping turtle (Shoals:1)
  5 blink frogs
  2 hippogriffs
  A water elemental (Shoals:1)
  4 yaks
  A hungry ghost (D:12)
  2 steam dragons (Lair:6)
  3 basilisks (Lair:6)
  A water moccasin (Lair:6)
  2 hell hounds (Lair:6)
  2 porcupines (Lair:5)
  An ice beast (D:12)
  8 orc warriors
  2 wights (D:12)
  A crimson imp (D:13)
  A hound (D:12)
  A jelly (Lair:5)
  An orc priest (Orc:2)
  An orc wizard (Orc:1)
  14 orcs
  A plant (Lair:6)
92 creatures vanquished.

Vanquished Creatures (others)
  A komodo dragon (Lair:2)
  16 fungi
  5 plants
22 creatures vanquished.

Grand Total: 818 creatures vanquished

Notes
Turn   | Place    | Note
-------+----------+-------------------------------------------
     0 | D:1      | Napalmbreeze the Deep Elf Fire Elementalist began the quest
                  | for the Orb.
     0 | D:1      | Reached XP level 1. HP: 10/10 MP: 6/6
   118 | D:1      | Reached XP level 2. HP: 3/15 MP: 4/8
   345 | D:1      | Learned a level 2 spell: Throw Flame
   747 | D:2      | Noticed Jessica
   749 | D:2      | Killed Jessica
   749 | D:2      | Reached XP level 3. HP: 19/19 MP: 5/10
   754 | D:2      | Learned a level 3 spell: Conjure Flame
  1151 | D:2      | Reached XP level 4. HP: 20/24 MP: 6/11
  1243 | D:2      | Reached skill level 4 in Spellcasting
  1274 | D:2      | HP: 1/24 [poisoned by a goblin]
  1555 | D:2      | Learned a level 4 spell: Sticky Flame
  1576 | D:2      | Noticed Robin
  1583 | D:2      | Killed Robin
  1847 | D:2      | Reached XP level 5. HP: 24/28 MP: 4/13
  2433 | D:3      | Got an ancient brass amulet
  2434 | D:3      | Identified the amulet "Jemaz" {+Rage rPois Dex+3} (You
                  | found it on level 3 of the Dungeon)
  3186 | D:3      | Found a glowing golden altar of the Shining One.
  3410 | D:4      | Reached XP level 6. HP: 32/32 MP: 5/15
  3414 | D:4      | Reached skill level 5 in Spellcasting
  3535 | D:4      | Learned a level 5 spell: Fireball
  3563 | D:4      | Reached skill level 5 in Conjurations
  3872 | D:4      | Found a staircase to the Ecumenical Temple.
  3877 | Temple   | Entered the Ecumenical Temple
  3952 | Temple   | Became a worshipper of Vehumet
  4075 | D:4      | Noticed Pikel
  4075 | D:4      | Noticed a slave
  4075 | D:4      | Noticed a slave
  4079 | D:4      | Noticed a slave
  4081 | D:4      | Noticed a slave
  4238 | D:4      | Noticed Edmund
  4248 | D:4      | Killed Edmund
  4248 | D:4      | Reached skill level 5 in Fire Magic
  4568 | D:4      | Killed Pikel
  4568 | D:4      | Reached skill level 6 in Spellcasting
  4568 | D:4      | Reached XP level 7. HP: 36/36 MP: 3/18
  4675 | D:4      | Noticed Natasha
  4679 | D:4      | Killed Natasha
  4688 | D:4      | Found a runed door.
  4692 | D:4      | Noticed Crazy Yiuf
  4699 | D:4      | Killed Crazy Yiuf
  4699 | D:4      | Reached XP level 8. HP: 38/41 MP: 5/20
  4757 | D:4      | Noticed Natasha
  4760 | D:4      | Killed Natasha
  4787 | D:4      | Found a staircase to the Ecumenical Temple.
  4882 | D:4      | Noticed Natasha
  4884 | D:4      | Killed Natasha
  4896 | D:5      | Entered Level 5 of the Dungeon
  5121 | D:5      | Reached skill level 7 in Spellcasting
  5345 | D:5      | Found a burning altar of Makhleb.
  6081 | D:6      | Found a runed gate.
  6082 | D:6      | Noticed a kobold demonologist
  6082 | D:6      | Noticed YoungGLord's ghost (novice GrEE)
  6089 | D:6      | Found a runed gate.
  6097 | D:6      | Found a runed gate.
  6458 | D:6      | Reached * piety under Vehumet
  6458 | D:6      | Offered knowledge of Magic Dart by Vehumet.
  6508 | D:6      | Noticed Menkaure
  6511 | D:6      | Killed Menkaure
  6511 | D:6      | Reached skill level 8 in Spellcasting
  6668 | D:6      | Reached XP level 9. HP: 45/45 MP: 21/23
  7042 | D:7      | Reached skill level 1 in Evocations
  7084 | D:7      | Reached skill level 1 in Fighting
  7254 | D:7      | Reached ** piety under Vehumet
  7255 | D:7      | Offered knowledge of Sting by Vehumet.
  7343 | D:7      | Found a runed door.
  7343 | D:7      | Noticed a sixfirhy
  7368 | D:7      | Killed a sixfirhy
  7368 | D:7      | Reached skill level 10 in Conjurations
  7554 | D:7      | Found a shattered altar of Ashenzari.
  7941 | D:8      | Reached skill level 9 in Spellcasting
  7972 | D:8      | Found Ocarrog's Assorted Antiques.
  7991 | D:8      | Bought a scroll labeled ZITIENW JEUL for 35 gold pieces
  7991 | D:8      | Bought a scroll labeled TOYKIRE FURO for 35 gold pieces
  8406 | D:8      | Reached XP level 10. HP: 54/54 MP: 25/25
  8963 | D:8      | Offered knowledge of Dazzling Spray by Vehumet.
  9057 | D:8      | Reached skill level 5 in Dodging
  9276 | D:9      | Found Razoaw's Antique Armour Shoppe.
  9425 | D:9      | Found a staircase to the Lair.
 10342 | D:10     | Entered Level 10 of the Dungeon
 10467 | D:10     | Reached *** piety under Vehumet
 10616 | D:10     | Reached skill level 10 in Spellcasting
 10677 | D:10     | Noticed an unseen horror
 10683 | D:10     | Killed an unseen horror
 11064 | D:10     | You fall through a shaft for 3 floors!
 11064 | D:13     | Noticed a centaur warrior
 11071 | D:13     | Killed a centaur warrior
 11071 | D:13     | Reached skill level 5 in Evocations
 11341 | D:13     | Offered knowledge of Airstrike by Vehumet.
 11346 | D:13     | Noticed a two-headed ogre
 11347 | D:13     | Reached XP level 11. HP: 52/61 MP: 14/27
 11362 | D:13     | Killed a two-headed ogre
 11525 | D:13     | Noticed a shining eye
 11614 | D:13     | Noticed a centaur warrior
 11617 | D:13     | Killed a centaur warrior
 11665 | D:13     | Found a runed door.
 11668 | D:13     | Noticed SpeedVeins's ghost (journeyman MiFi)
 11901 | D:13     | Learned a level 4 spell: Airstrike
 11925 | D:13     | Reached skill level 11 in Spellcasting
 12326 | D:13     | Noticed a phantasmal warrior
 12365 | D:13     | Noticed a two-headed ogre
 12379 | D:13     | Reached skill level 1 in Air Magic
 12381 | D:13     | Killed a two-headed ogre
 12383 | D:13     | Noticed a deep elf mage
 12387 | D:13     | Killed a deep elf mage
 12397 | D:13     | Reached **** piety under Vehumet
 12411 | D:13     | Offered knowledge of Irradiate by Vehumet.
 12491 | D:13     | Noticed a two-headed ogre
 12498 | D:13     | Noticed a two-headed ogre
 12501 | D:13     | Killed a two-headed ogre
 12501 | D:13     | Reached skill level 5 in Fighting
 12511 | D:13     | Killed a two-headed ogre
 12511 | D:13     | Reached skill level 10 in Fire Magic
 12571 | D:13     | Noticed a necromancer
 12579 | D:13     | Killed a necromancer
 12646 | D:13     | Found a gate to the Vaults.
 12869 | D:13     | Noticed a deep elf mage
 12875 | D:13     | Killed a deep elf mage
 13151 | D:12     | Noticed Sonja
 13154 | D:12     | Killed Sonja
 13154 | D:12     | Reached XP level 12. HP: 68/68 MP: 26/29
 13187 | D:12     | Reached skill level 12 in Spellcasting
 13407 | D:11     | Reached ***** piety under Vehumet
 13409 | D:11     | Offered knowledge of Bolt of Magma by Vehumet.
 13409 | D:11     | Noticed Nergalle
 13547 | D:11     | Killed Nergalle
 14043 | Lair:1   | Entered Level 1 of the Lair of Beasts
 14192 | Lair:1   | Reached skill level 5 in Air Magic
 15123 | Lair:2   | Reached skill level 13 in Spellcasting
 15485 | Lair:2   | Found a staircase to the Shoals.
 15850 | Lair:2   | Identified a scroll of acquirement
 15867 | Lair:2   | Learned a level 7 spell: Orb of Destruction
 16153 | Lair:3   | Reached XP level 13. HP: 76/76 MP: 32/32
 16162 | Lair:3   | Learned a level 7 spell: Spellforged Servitor
 16172 | Lair:3   | Noticed Rupert
 16192 | Lair:3   | Killed Rupert
 16192 | Lair:3   | Reached skill level 1 in Summonings
 16224 | Lair:3   | Found a shattered altar of Ashenzari.
 16544 | Lair:3   | Offered knowledge of Freezing Cloud by Vehumet.
 16552 | Lair:3   | Learned a level 6 spell: Freezing Cloud
 17135 | Lair:4   | Reached skill level 14 in Spellcasting
 17889 | Lair:4   | Reached skill level 5 in Summonings
 18570 | Lair:4   | Found a hole to the Spider Nest.
 18682 | Lair:5   | Reached skill level 15 in Spellcasting
 19201 | Lair:5   | Offered knowledge of Bolt of Fire by Vehumet.
 19211 | Lair:5   | Reached XP level 14. HP: 84/84 MP: 3/35
 19773 | Lair:5   | Found a staircase to the Slime Pits.
 20202 | Lair:6   | Entered Level 6 of the Lair of Beasts
 21140 | D:12     | Found a staircase to the Orcish Mines.
 21149 | D:12     | Reached skill level 1 in Ice Magic
 21175 | D:12     | Noticed Gastronok
 21425 | D:12     | Killed Gastronok
 21492 | D:12     | Reached skill level 16 in Spellcasting
 21576 | D:11     | Learned a level 6 spell: Bolt of Fire
 21665 | D:12     | Offered knowledge of Bolt of Draining by Vehumet.
 21796 | D:12     | Found Oqoelatann's Armour Boutique.
 21807 | D:12     | Bought a +0 robe of the Archmagi for 387 gold pieces
 22717 | D:14     | Found a blossoming altar of Fedhas.
 22755 | D:14     | Found a shadowy altar of Dithmenos.
 22987 | D:15     | Entered Level 15 of the Dungeon
 23445 | D:15     | Noticed Agnes
 23450 | D:15     | Killed Agnes
 23707 | D:15     | Offered knowledge of Bolt of Cold by Vehumet.
 23714 | D:15     | Reached XP level 15. HP: 89/89 MP: 26/37
 23953 | D:15     | Reached skill level 5 in Ice Magic
 24299 | D:15     | Found a staircase to the Depths.
 24397 | Orc:1    | Entered Level 1 of the Orcish Mines
 25152 | Orc:2    | Entered Level 2 of the Orcish Mines
 25152 | Orc:2    | Found a staircase to the Elven Halls.
 25155 | Orc:2    | Reached skill level 10 in Dodging
 26065 | Orc:2    | Found Ukke's General Store.
 26208 | Orc:2    | Bought a wand of digging (4) for 224 gold pieces
 26227 | Orc:2    | Found a roughly hewn altar of Beogh.
 26397 | Orc:2    | Found Ocwulets's Antique Armour Emporium.
 26458 | Orc:2    | Noticed an orc warlord
 26466 | Orc:2    | Killed an orc warlord
 26741 | Orc:2    | Found Biziruy's Antique Weapon Boutique.
 26874 | Orc:2    | Found Orockak's Book Shop.
 27266 | Lair:6   | Offered knowledge of Ozocubu's Refrigeration by Vehumet.
 27889 | Lair:6   | Found a large runed door.
 27981 | Lair:6   | Found a large runed door.
 28317 | Shoals:1 | Entered Level 1 of the Shoals
 28328 | Shoals:1 | Reached skill level 17 in Spellcasting
 28394 | Shoals:1 | Slain by a merfolk impaler

Vault maps used:
D:1:      saegor_arrival_simple_a
D:2:      bh_walls_and_bars, uniq_jessica, uniq_robin
D:3:      marbit_many_paths, minmay_checkerbox
D:4:      temple_doors_e, first_ration, uniq_crazy_yiuf_cottage, uniq_natasha,
          uniq_pikel, uniq_edmund
D:5:      kennysheep_doodads, makhleb_blood_cavern_becter
D:6:      gammafunk_ghost_nasty_kobolds, minmay_misc_feat_secret_circle,
          uniq_menkaure
D:7:      cheibrodos_shockbox, basic_altar
D:8:      serial_shops, nicolae_shop_overgrown_old_shop, grunt_ogre_cave
D:9:      lair_entry_dummy, serial_shops, shop
D:11:     uniq_nergalle
D:12:     david_orc_3, serial_shops, shop, uniq_sonja, uniq_gastronok
D:13:     david_vaults_1, ebering_ghost_reflecting_pool
D:14:     fedhas_altar_1, enter_bailey_6, serial_glass, glass_columns_c,
          glass_columns_c, nicolae_dithmenos_the_darkroom
D:15:     hangedman_depths_entry_try_elsewhere_first, serial_bayou_pond_d,
          corexii_corridor_pit, uniq_agnes
Temple:   compressed_dpeg_triangle_lava_temple
Lair:2:   minmay_shoals_entry_lonely_mermaid, minmay_lair_oklob_chamber
Lair:3:   basic_altar, uniq_rupert
Lair:4:   spider_nest_entry_funnel_web, grunt_megastairs_1
Lair:5:   nicolae_slime_entry_slimehenge, st_stairs_4, grunt_megastairs_3
Lair:6:   cheibrodos_lair_end_hotspot
Orc:1:    minmay_goldmine, nicolae_orc_stony_grotto
Orc:2:    grunt_orc_gardens, grunt_orc_garden, grunt_orc_garden,
          grunt_orc_garden, grunt_orc_garden, mines2_david

Skill      XL: |  1  2  3  4  5  6  7  8  9 10 11 12 13 14 15 |
---------------+----------------------------------------------+-----
Conjurations   | 2 3 4 7 9 10 11 12 14 | 14.0
Spellcasting   | 4 6 8 9 10 11 13 15 16 17 | 17.0
Fire Magic     | 4 5 6 7 8 9 10 | 10.0
Evocations     | 3 5 7 8 |  8.0
Fighting       | 2 4 5 7 8 9 |  9.7
Dodging        | 4 6 8 9 11 | 11.1
Air Magic      | 3 6 |  6.0
Summonings     | 6 8 |  8.0
Ice Magic      | 4 6 |  6.0
Stealth        | |  2.4

Action                   |  1- 3 |  4- 6 |  7- 9 | 10-12 | 13-15 || total
-------------------------+-------+-------+-------+-------+-------++-------
Melee: Unarmed           |     1 |       |       |       |       ||     1
       Whip              |     1 |    19 |    79 |   100 |       ||   199
       Staff             |       |       |       |     3 |    16 ||    19
 Cast: Flame Tongue      |    36 |   146 |   113 |   250 |   139 ||   684
       Throw Flame       |    17 |    30 |    43 |    98 |    30 ||   218
       Conjure Flame     |     1 |     7 |     6 |    17 |     6 ||    37
       Sticky Flame      |       |     3 |    10 |    32 |    64 ||   109
       Fireball          |       |     1 |    15 |   103 |   207 ||   326
       Airstrike         |       |       |       |     6 |     4 ||    10
       Orb of Destructio |       |       |       |       |    19 ||    19
       Freezing Cloud    |       |       |       |       |    37 ||    37
       Spellforged Servi |       |       |       |       |    33 ||    33
       Bolt of Fire      |       |       |       |       |    12 ||    12
Evoke: Wand              |       |       |       |    10 |     3 ||    13
       Sack of spiders   |       |       |       |     3 |       ||     3
  Use: Potion            |       |     1 |       |     1 |     2 ||     4
       Scroll            |       |       |    10 |    13 |    11 ||    34
 Stab: Sleeping          |       |       |       |     1 |       ||     1
  Eat: Chunk             |     1 |    11 |    13 |    22 |    41 ||    88
       Ration            |       |       |     1 |     4 |     4 ||     9
Armor: Robe              |     1 |    11 |    16 |    32 |    27 ||    87
Dodge: Dodged            |    14 |    43 |    72 |   150 |   132 ||   411

Table legend:
 A = Non-vault XP
 B = Vault XP
 C = Vault XP percentage of total XP
 D = Non-vault monster count
 E = Vault monster count
 F = Vault count percentage of total count
                 A         B        C        D         E       F
            +---------+---------+-------+---------+---------+-------
      Total |   94559 |   38603 |  29.0 |     638 |     141 |  18.1
            +---------+---------+-------+---------+---------+-------
        D:1 |      34 |       0 |   0.0 |      17 |       0 |   0.0
        D:2 |     101 |      73 |  42.0 |      24 |      12 |  33.3
        D:3 |     132 |      12 |   8.3 |      27 |       5 |  15.6
        D:4 |     283 |     877 |  75.6 |      18 |       4 |  18.2
        D:5 |     737 |      42 |   5.4 |      16 |       1 |   5.9
        D:6 |     479 |     172 |  26.4 |      18 |       1 |   5.3
        D:7 |     820 |     765 |  48.3 |      21 |       1 |   4.5
        D:8 |    1898 |     125 |   6.2 |      39 |       1 |   2.5
        D:9 |    1002 |       0 |   0.0 |      21 |       0 |   0.0
       D:10 |    2008 |       0 |   0.0 |      29 |       0 |   0.0
       D:11 |    4235 |     820 |  16.2 |      39 |       1 |   2.5
       D:12 |    8873 |    2179 |  19.7 |      54 |       8 |  12.9
       D:13 |   10293 |    2696 |  20.8 |      55 |       4 |   6.8
       D:14 |    3449 |       0 |   0.0 |      19 |       0 |   0.0
       D:15 |   14034 |    3521 |  20.1 |      31 |       5 |  13.9
     Lair:1 |    2639 |       0 |   0.0 |      12 |       0 |   0.0
     Lair:2 |    5385 |    1786 |  24.9 |      25 |       4 |  13.8
     Lair:3 |    3748 |    2792 |  42.7 |      13 |       1 |   7.1
     Lair:4 |   11937 |    3145 |  20.9 |      41 |      11 |  21.2
     Lair:5 |   10531 |    1764 |  14.3 |      39 |      10 |  20.4
     Lair:6 |    4372 |    7271 |  62.4 |      18 |      29 |  61.7
   Shoals:1 |    3602 |       0 |   0.0 |       9 |       0 |   0.0
      Orc:1 |     994 |     958 |  49.1 |      33 |      13 |  28.3
      Orc:2 |    2973 |    9605 |  76.4 |      20 |      30 |  60.0
            +---------+---------+-------+---------+---------+-------
